 Dungeon Crawl Stone Soup version 0.31-a0-816-gd61d57ddb1 (webtiles) character file.

Game seed: 18030476510823292166

144 GabrielManson the Ruffian (level 5, -1/66 HPs)
             Began as a Naga Shapeshifter on Sept 22, 2023.
             Killed by divine providence
             ... invoked by an orc priest
              (11 damage)
             ... on level 3 of the Dungeon.
             The game lasted 00:06:58 (2359 turns).

GabrielManson the Ruffian (Naga Shapeshifter)       Turns: 2359, Time: 00:06:59

Health: -1/66      AC: 22    Str: 19    XL:     5   Next: 26%
Magic:  5/5        EV:  1    Int: 10    God:
Gold:   149        SH:  0    Dex: 10    Spells: 4/4 levels left

rFire   . .          .
                       - Unarmed
rCold   . . .        (no shield)
rNeg    . . .        g - melded +0 ring mail
rPois   +            (helmet currently unavailable)
rElec   .            (cloak currently unavailable)
rCorr   .            (gloves currently unavailable)
SInv    +            (no barding)
Will    .....        (no amulet)
Stlth   +            (no ring)
HPRegen 0.31/turn    (no ring)
MPRegen 0.09/turn

%: no passive effects
@: tree-form
A: stationary, stasis, torment immunity, boosted hp, AC +1, large, see
invisible, (deformed body), (poison resistance), (slowness 2), spit poison 1,
(naga tail 1)
a: Spit Poison


You were on level 3 of the Dungeon.
You were a tree.
You visited 1 branch of the dungeon, and saw 3 of its levels.

You collected 149 gold pieces.

Inventory:

Armour
 a - a +0 animal skin
 g - a +0 ring mail (melded)
Talismans
 c - a beast talisman
 d - a flux talisman
Scrolls
 e - 3 scrolls of identify {unknown}
 f - a scroll of vulnerability {unknown}
 k - a scroll of teleportation {unknown}
 o - a scroll of poison {unknown}
Potions
 h - a potion of mutation {unknown}
 i - a potion of attraction {unknown}
 j - 2 potions of might {unknown}
 l - a potion of ambrosia {unknown}
 m - 2 potions of heal wounds {unknown}
 n - a potion of invisibility {unknown}


   Skills:
 + Level 1.3 Fighting
 + Level 1.4 Armour
 + Level 2.2 Dodging
 + Level 0.4 Stealth
 + Level 4.2 Unarmed Combat
 + Level 3.6 Shapeshifting


You had 4 spell levels left.
You didn't know any spells.
Your spell library contained the following spells:

 Spells                   Type           Power      Damage    Failure   Level
 Foxfire                  Conj/Fire      0%         2x1d4     36%         1
 Cigotuvi's Dreadful Rot  Necr/Pois/Air  0%         N/A       50%         2
 Ignite Poison            Fire/Tmut/Pois 0%         N/A       75%         3
 Freezing Cloud           Conj/Ice/Air   0%         6-21      100%        5
 Plasma Beam              Fire/Air       0%         2x1d10    100%        6
 Starburst                Conj/Fire      0%         6d3       100%        6


Dungeon Overview and Level Annotations

Branches:
Dungeon (3/15)

Altars:


Innate Abilities, Weirdness & Mutations

You are a tree.
Your roots penetrate the ground, keeping you stationary.
You cannot be teleported.
You are immune to unholy pain and torment.
Your maximum health is greatly increased.
Your equipment is partially melded.
((Your serpentine skin is tough. (AC +1)))
You have supernaturally acute eyesight. (SInv)
((Armour fits poorly on your strangely shaped body.))
((Your system is resistant to poisons. (rPois)))
((You cover ground very slowly.))
You can spit poison.
((You have a snake-like lower body.))


Message History

You hit the orc priest but do no damage.
The orc priest is lightly wounded.
The orc priest hits you with a +0 club.
The kobold hits you with a +0 short sword.
You hit the orc priest but do no damage.
The orc priest is lightly wounded.
The orc priest hits you with a +0 club.
The kobold hits you with a +0 short sword.
You are too injured to fight recklessly!
You are too injured to fight recklessly!
You punch the orc priest!
The orc priest is severely wounded.
You hit the orc priest but do no damage.
The orc priest is severely wounded.
The kobold misses you. The orc priest hits you with a +0 club.
You hit the orc priest.
The orc priest is almost dead.
The kobold hits you but does no damage.
The orc priest calls down the wrath of Beogh upon you.
Beogh smites you!
* * * LOW HITPOINT WARNING * * *
You hit the orc priest but do no damage.
The orc priest is almost dead.
The kobold closely misses you.
The orc priest miscasts a cantrip.
You closely miss the orc priest.
The orc priest is almost dead.
The kobold hits you with a +0 short sword.
* * * LOW HITPOINT WARNING * * *
The orc priest barely misses you.
Your transformation has ended.
You turn into a tree.
Your +0 ring mail melds into your body.
Your roots penetrate the ground.
The orc priest hits you but does no damage.
The kobold hits you but does no damage.
You barely miss the orc priest.
The orc priest is almost dead.
The orc priest mumbles some strange prayers to Beogh against you.
Beogh smites you!
You die...

... .#
..####.####
.........#
....)...##
........ .....
#oK# #♣)#
#..## #...####
###....## ##
#..#..### ..
##..#...# #.
##.###.###
#.###)###...#
#>..).....#.##


You could see an orc priest and a kobold.

Vanquished Creatures
  A scorpion zombie (D:2)
  An orc wizard (D:3)
  3 adders (D:2)
  An adder zombie (D:2)
  An adder skeleton (D:2)
  A worm (D:2)
  A dart slug (D:1)
  2 orcs (D:3)
  2 bat skeletons (D:2)
  3 endoplasms
  2 giant cockroaches
  2 goblins
  6 hobgoblins
  A jackal (D:2)
  3 kobolds
  A quokka (D:2)
  8 ball pythons
  5 bats
  A frilled lizard (D:2)
  A giant cockroach zombie (D:2)
  5 rats
51 creatures vanquished.

Notes
Turn   | Place    | Note
-------+----------+-------------------------------------------
     0 | D:1      | GabrielManson the Naga Shapeshifter began the quest for the
                  | Orb.
     0 | D:1      | Reached XP level 1. HP: 18/18 MP: 1/1
   386 | D:1      | Reached XP level 2. HP: 23/25 MP: 2/2
  1236 | D:2      | Reached XP level 3. HP: 31/31 MP: 3/3
  1734 | D:2      | Reached skill level 1 in Armour
  1734 | D:2      | Reached XP level 4. HP: 31/38 MP: 4/4
  2210 | D:2      | Reached skill level 4 in Unarmed Combat
  2301 | D:3      | Reached XP level 5. HP: 44/44 MP: 5/5
  2359 | D:3      | Killed from afar by an orc priest

Illustrated notes

Levels and vault maps discovered:
D:1:      minmay_arrival_loop, layout_basic, minmay_misc_feat_encased
D:2:      layout_loops_corners, serial_undead, serial_undead_e, serial_undead_d,
          serial_undead_a, serial_undead_a, minmay_tall_x
D:3:      layout_rooms, nrook_campfire, chequers_serial_rivers_room_a

Skill      XL: |  1  2  3  4 |
---------------+-------------+-----
Dodging        | 2 |  2.2
Armour         | 1 |  1.4
Unarmed Combat | 4 |  4.2
Fighting       | |  1.3
Stealth        | |  0.4
Shapeshifting  | |  3.6

Action                     |  1- 3 |  4- 6 || total
---------------------------+-------+-------++-------
  Melee: Unarmed           |    80 |    68 ||   148
         Punch             |     3 |       ||     3
Ability: Spit Poison       |    22 |     3 ||    25
    Use: Potion            |       |     1 ||     1
 Armour: Animal skin       |     9 |       ||     9
         Ring mail         |    61 |    38 ||    99
         Skin              |       |     2 ||     2
  Dodge: Dodged            |    35 |    38 ||    73

Table legend: (Time is in decaauts)
 A = Elapsed time spent in this place.
 B = Non-inter-level travel time spent in this place.
 C = Inter-level travel time spent in this place.
 D = Time resting spent in this place.
 E = Time spent auto-exploring this place.
 F = Levels seen in this place.
 G = Mean time per level.
                   A        B        C        D        E       F      G
               +--------+--------+--------+--------+--------+-----+--------+
         Total |   3105 |   3024 |     81 |      0 |   2430 |   3 | 1035.0 |
       Dungeon |   3105 |   3024 |     81 |      0 |   2430 |   3 | 1035.0 |
               +--------+--------+--------+--------+--------+-----+--------+

Top non-repeatable levels by time:
     D:1: 1595 daAuts
     D:2: 1337 daAuts
     D:3: 172 daAuts
